[Event "*** Titled Tuesday Blitz"]
[Site "Chess.com"]
[Date "2021.03.09"]
[Round "4"]
[White "gilbert_gm"]
[Black "Grineva_Marianna"]
[Result "0-1"]
[WhiteElo "2487"]
[BlackElo "2287"]
[TimeControl "180+1"]
[EndTime "10:41:54 PST"]
[Termination "Grineva_Marianna won on time"]

1. e4 d6 2. Nc3 c5 3. d4 cxd4 4. Qxd4 Nc6 5. Qe3 Nf6 6. f3 g6 7. Bc4 Bg7 8. Nge2 O-O 9. O-O a6 10. Bb3 b5 11. Qf2 Ne5 12. a4 b4 13. Nd5 a5 14.
Nb6 Rb8 15. Nxc8 Rxc8 16. Be3 Qd7 17. Nd4 Nc4 18. Bxc4 Rxc4 19. Rfd1 Rfc8 20. Rd2 Qb7 21. Nb3 Qa6 22. Bd4 Nd7 23. Bxg7 Kxg7 24. h4 h5 25. Kh2 Ne5 26. Qe2 Qa8 27. Rc1 R8c7 28. Rd5 Ra7 29.
Rxe5 Rxc2 30. Rxc2 dxe5 31. Rc5 Qb8 32. Qb5 Qd6 33. Rd5 Qf6 34. Kg1 Qxh4 35. Rd1 f6 36. Nxa5 Rc7 37. Nc4 Qg3 38. b3 h4 39. Qb6 Rc8 40. Qf2 Qf4 41. Qe3 Qg3 42. Qf2 Qg5 43. Kh2 Rh8 0-1

[Event "*** Titled Tuesday Blitz"]
[Site "Chess.com"]
[Date "2021.03.09"]
[Round "4"]
[White "BigAl"]
[Black "attack2mateU"]
[Result "0-1"]
[WhiteElo "2508"]
[BlackElo "2735"]
[TimeControl "180+1"]
[EndTime "10:41:55 PST"]
[Termination "attack2mateU won on time"]

1. Nf3 c5 2. g3 Nc6 3. Bg2 e5 4. O-O d5 5. d3 Nf6 6. Bg5 Be7 7. Nbd2 Be6 8. e4 d4 9. a4 Nd7 10. Bxe7 Qxe7 11. Nh4 g6 12. b3 h5 13. Nc4 Nb6 14.
a5 Nxc4 15. bxc4 O-O 16. Qd2 Kg7 17. Rab1 Rab8 18. f4 exf4 19. Rxf4 Ne5 20. c3 Rfd8 21. Nf3 Nxf3+ 22. Rxf3 Qd6 23. Kh1 b6 24. cxd4 Qxd4 25. Qg5 bxa5 26. Rbf1 a4 27. Bh3 Rb1 28. Bxe6 Rxf1+ 29. Rxf1 fxe6 30. Qe7+ Kh6 31. h4 Rd7 32. Qg5+ Kg7 33. Qf4 Qd6 34. Qf6+ Kh7 35. g4 Qxd3 36. gxh5 Qxe4+ 37. Kh2 Rd2+ 38. Rf2 Rxf2+ 39. Qxf2 Qe5+ 0-1

[Event "*** Titled Tuesday Blitz"]
[Site "Chess.com"]
[Date "2021.03.09"]
[Round "4"]
[White "Guzman70"]
[Black "Treacherous_horse64"]
[Result "1/2-1/2"]
[WhiteElo "2337"]
[BlackElo "2533"]
[TimeControl "180+1"]
[EndTime "10:41:56 PST"]
[Termination "Game drawn by repetition"]

1. e4 c6 2. c4 d5 3. exd5 cxd5 4. cxd5 Qxd5 5. Nc3 Qd8 6. d4 Nf6 7. Nf3 e6 8. Bg5 Be7 9. Bd3 Nbd7 10. O-O O-O 11. Qe2 Re8 12. Rad1 Nf8 13. Ne5 Ng6 14. Nxg6 hxg6 15. Rfe1 b6 16. Qf3 Rb8 17. h4 Bb7 18.
Qh3 Nd5 19. Ne4 Bxg5 20. hxg5 Nf4 21. Qg4 Nxd3 22. Rxd3 e5 23. d5 Bxd5 24. Red1 Be6 25. Qh4 Qe7 26. b3 Red8 27. Qg3 Rxd3 28. Rxd3 Bf5 29.
Re3 Rd8 30. Nc3 e4 31. f3 Rd3 32. fxe4 Qc5 33. Kf2 Be6 34. Ne2 a5 35. Qb8+ Kh7 36. Qh2+ Kg8 37. Qb8+ Kh7 38. Qh2+ Kg8 39. Qb8+ 1/2-1/2

[Event "*** Titled Tuesday Blitz"]
[Site "Chess.com"]
[Date "2021.03.09"]
[Round "4"]
[White "FormerProdigy"]
[Black "fm_magua"]
[Result "1/2-1/2"]
[WhiteElo "2843"]
[BlackElo "2587"]
[TimeControl "180+1"]
[EndTime "10:41:57 PST"]
[Termination "Game drawn by repetition"]

1. d4 Nf6 2. c4 g6 3. Nc3 Bg7 4. e4 d6 5. Nf3 O-O 6. Be2 e5 7. O-O Nc6 8. d5 Ne7 9. Bg5 h6 10. Be3 Ne8 11. Nd2 f5 12. f3 f4 13. Bf2 g5 14. c5 Rf6 15. b4 Rg6 16. Nc4 h5 17.
cxd6 Nxd6 18. Nxd6 cxd6 19. Rc1 g4 20. Bh4 Bf6 21.
Bxf6 Rxf6 22. fxg4 hxg4 23. Bxg4 Rg6 24. Be6+ Kg7 25.
Rf2 Bxe6 26. dxe6 Rxe6 27. Nd5 Nxd5 28. Qxd5 Re7 29. Rd1 Rc8 30. g3 Qb6 31. Qxd6 Qxd6 32. Rxd6 fxg3 33. hxg3 Rc4 34. a3 Rxe4 35. Kg2 Re3 36.
Rf3 Re2+ 37. Rf2 Re3 38. Rf3 Re2+ 39. Kf1 Rh2 40. Rfd3 e4 41. Rd7 exd3 42. Rxe7+ Kf6 43. Rxb7 d2 44. Rd7 Kf5 45. b5 Kg4 46. Rd3 Kf5 47.
a4 Ke4 48. Rd7 Kf3 49. Rd3+ Ke4 50. Rd7 Kf3 51. Rd3+ Ke4 1/2-1/2

[Event "*** Titled Tuesday Blitz"]
[Site "Chess.com"]
[Date "2021.03.09"]
[Round "4"]
[White "S-Fazulyanov"]
[Black "ZiggyStardust64"]
[Result "1-0"]
[WhiteElo "2537"]
[BlackElo "2644"]
[TimeControl "180+1"]
[EndTime "10:41:57 PST"]
[Termination "S-Fazulyanov won on time"]

1. d4 Nf6 2. Nf3 g6 3. c4 Bg7 4. Nc3 d5 5. e3 O-O 6. b3 c5 7. Bb2 cxd4 8. Nxd4 b6 9. Be2 Bb7 10. O-O dxc4 11. Bxc4 Nc6 12. Nxc6 Bxc6 13. Qxd8 Rfxd8 14. Rad1 Ne4 15. Nxe4 Bxb2 16. Ng3 h5 17. Ne2 Kg7 18. f3 b5 19. Bd3 Rac8 20. Kf2 h4 21.
Bb1 a5 22. Nf4 Ba3 23. Nd3 Bd5 24. Nf4 Bc6 25. Nd3 Bd6 26. Rc1 Bxh2 27. Ke2 Bd6 28. Rfd1 Ba3 29. Rc3 Bxf3+ 30. gxf3 Rxc3 31. Rh1 g5 32. Rg1 Kf6 33. f4 Rg8 34. fxg5+ Rxg5 35. Rh1 Rg2+ 36.
Kf3 Rd2 37. Ke4 e6 38. Kd4 b4 39. Ke4 Ke7 40. Kd4 h3 41. Rxh3 Rd1 42. Rh7 1-0

[Event "*** Titled Tuesday Blitz"]
[Site "Chess.com"]
[Date "2021.03.09"]
[Round "4"]
[White "Cherone"]
[Black "urutodo"]
[Result "1-0"]
[WhiteElo "2480"]
[BlackElo "2303"]
[TimeControl "180+1"]
[EndTime "10:41:57 PST"]
[Termination "Cherone won on time"]

1. d4 c6 2. e4 d5 3. e5 Bf5 4. h4 h5 5. Bd3 Bxd3 6. Qxd3 e6 7. Bg5 Qb6 8. Nd2 Ne7 9. Ngf3 Nf5 10. O-O Nd7 11. Rfd1 Be7 12. Bxe7 Nxe7 13. Nf1 O-O 14. Ng3 g6 15. Ng5 Nf5 16. Nxf5 exf5 17. e6 fxe6 18.
Nxe6 Rf6 19. Nf4 Nf8 20. Qg3 Kh7 21. Re1 Rf7 22. Nh3 Kg7 23. Ng5 Rd7 24. Qe5+ Kg8 25. Qf6 Qd8 26. Qe5 Rc8 27. Re3 Rcc7 28. Rae1 Rg7 29. Nh3 Nh7 30. Qg3 Nf6 31. f3 Qf8 32.
Nf4 Qd6 33. Qg5 Nh7 34. Re8+ Nf8 35. Ne6 Rge7 36. Rxf8+ Kh7 37. Qf6 Rg7 38. Ng5+ Kh6 39. Rh8+ Rh7 40. Rxh7+ 1-0

[Event "*** Titled Tuesday Blitz"]
[Site "Chess.com"]
[Date "2021.03.09"]
[Round "4"]
[White "Vanina1989"]
[Black "ChristopherYoo"]
[Result "0-1"]
[WhiteElo "2754"]
[BlackElo "2934"]
[TimeControl "180+1"]
[EndTime "10:41:58 PST"]
[Termination "ChristopherYoo won on time"]

1. d4 Nf6 2. c4 e6 3. Nf3 d5 4. Nc3 dxc4 5. e4 Bb4 6. Bxc4 Nxe4 7. O-O Nxc3 8. bxc3 Be7 9. Bf4 Nd7 10. Re1 O-O 11. Qc2 b6 12. Rad1 Nf6 13. Be5 Bb7 14. Ng5 g6 15. Qc1 Bd5 16. Bd3 Ne8 17. Ne4 Nd6 18. Qh6 Nf5 19. Qh3 f6 20. Bf4 Qd7 21. g4 Nd6 22. Nxd6 Bxd6 23. Bh6 Rfe8 24. c4 Bb7 25. Bd2 Bf8 26. Bc3 Bg7 27. Qg3 Rad8 28.
h4 f5 29. g5 Qc6 30. d5 exd5 31. Bxg7 dxc4 32. Rxe8+ Rxe8 33. Bxc4+ Qxc4 34. Ba1 Qe4 35. Qb3+ Re6 36. f3 Qe2 37. Rd8+ Kf7 38. Rd7+ Ke8 39.
Rxc7 Qe1+ 0-1

[Event "*** Titled Tuesday Blitz"]
[Site "Chess.com"]
[Date "2021.03.09"]
[Round "4"]
[White "FontVella8"]
[Black "Harry_Rakkel"]
[Result "0-1"]
[WhiteElo "2486"]
[BlackElo "2643"]
[TimeControl "180+1"]
[EndTime "10:41:58 PST"]
[Termination "Harry_Rakkel won on time"]

1. e4 c5 2. Nf3 e6 3. d4 cxd4 4.
Nxd4 Nc6 5. Nc3 Qc7 6. Be3 a6 7. a3 Na5 8. f4 b5 9. Qf3 Bb7 10. Rd1 Rc8 11. f5 Nf6 12. g4 Bxa3 13. Ncxb5 axb5 14. Nxb5 Bb4+ 15. c3 Qb8 16. cxb4 Bxe4 17. Qf4 O-O 18.
bxa5 Bxh1 19. Qxb8 Rxb8 20. a6 Nxg4 21. Bd4 Nxh2 22. Kf2 Nxf1 23. Nd6 Ra8 24. Kxf1 Rxa6 25. Bc5 Rb8 26. b4 Bc6 27. Kf2 exf5 28. Nxf5 Ra2+ 29. Ke3 Re8+ 30. Kd4 f6 31. Nd6 Re5 32. Rg1 h5 33. Nc4 Rc2 34. Nxe5 fxe5+ 35. Kxe5 Rb2 36. Kd6 Kh7 37. Bd4 Rd2 38. Rxg7+ Kh6 39. b5 Rxd4+ 40.
Kc5 Kxg7 41. bxc6 dxc6 0-1

[Event "*** Titled Tuesday Blitz"]
[Site "Chess.com"]
[Date "2021.03.09"]
[Round "4"]
[White "TimKett"]
[Black "zverr1"]
[Result "1-0"]
[WhiteElo "2200"]
[BlackElo "2430"]
[TimeControl "180+1"]
[EndTime "10:41:58 PST"]
[Termination "TimKett won by checkmate"]

1. e4 c6 2. d4 d5 3. exd5 cxd5 4.
c4 Nf6 5. Nc3 Nc6 6. Nf3 Bg4 7.
cxd5 Nxd5 8. Qb3 Bxf3 9. gxf3 Nxd4 10. Bb5+ Nxb5 11. Qxb5+ Qd7 12. Qxd7+ Kxd7 13. Nxd5 e6 14. Nc3 Rc8 15. Be3 Bc5 16. O-O-O+ Ke7 17. Rd3 b5 18.
Kb1 a6 19. Rhd1 Bxe3 20. fxe3 Rc7 21. b4 Rhc8 22. Kb2 f5 23. e4 g6 24. e5 g5 25. h4 h6 26. hxg5 hxg5 27. Rh1 Kf7 28. Rh7+ Kg6 29. Rxc7 Rxc7 30. Rd6 f4 31. Rxe6+ Kf5 32.
Rxa6 Kxe5 33. Rb6 g4 34. Rxb5+ Kd4 35. Nd5 Rf7 36. Nxf4 Rxf4 37. fxg4 Kc4 38. Rb7 Rxg4 39. b5 Kb4 40. a3+ Ka4 41. b6 Kb5 42. Kc3 Rc4+ 43.
Kb3 Rc6 44. a4+ Ka6 45. Rc7 Rxb6+ 46. Kc4 Rh6 47. Rd7 Ka5 48. Rd8 Rh4+ 49. Kc5 Rh5+ 50.
Rd5 Rh1 51. Rd8 Kxa4 52. Rb8 Rc1+ 53. Kd4 Ka5 54. Kd5 Rc7 55. Kd6 Rh7 56. Kc5 Rh5+ 57.
Kc6 Ka6 58. Ra8# 1-0

[Event "*** Titled Tuesday Blitz"]
[Site "Chess.com"]
[Date "2021.03.09"]
[Round "4"]
[White "Hikaru"]
[Black "erdni1993"]
[Result "1-0"]
[WhiteElo "3165"]
[BlackElo "2515"]
[TimeControl "180+1"]
[EndTime "10:42:00 PST"]
[Termination "Hikaru won by resignation"]

1. Nf3 c5 2. e4 e6 3. c3 Nf6 4. e5 Nd5 5. d4 cxd4 6. cxd4 d6 7.
Bd3 Bd7 8. O-O Bc6 9. Nbd2 Nd7 10. Ne4 Qc7 11. exd6 Bxd6 12. Bd2 h6 13. Nxd6+ Qxd6 14. Rc1 O-O 15. Re1 Rac8 16. Ne5 Nxe5 17. dxe5 Qd7 18.
Qg4 f5 19. exf6 Nxf6 20. Qxe6+ Qxe6 21. Rxe6 Bd5 22. Ree1 Bxa2 23. Be3 a6 24. f3 Bf7 25. Bf2 Rxc1 26. Rxc1 Rd8 27. Bf1 Bd5 28. Be3 Rd7 29. Kf2 Kf7 30. h4 h5 31. Bg5 Be6 32. Rc3 g6 33.
Be2 Nd5 34. Rc8 Nf6 35. Rb8 Bd5 36. Ke3 Re7+ 37. Kd2 Rd7 38. Kc3 Be6 39. Kc2 Nd5 40. Kc1 Nb4 41. Bd2 Rc7+ 42. Kd1 Bb3+ 43. Ke1 Nc6 44. Rh8 Rd7 45. Bc3 Ke6 46. g4 hxg4 47.
fxg4 Ne7 48. h5 gxh5 49. gxh5 Bc2 50. h6 Ng6 51. Bg4+ Kd6 52. Bxd7 Nxh8 53. Be8 Ke7 54. Bh5 Nf7 55. Bg7 Nxh6 56. Bxh6 Kd6 57. Kd2 Bf5 58. Kc3 b5 59. Kb4 Kc6 60. Ka5 Bd3 61. Kxa6 Kc5 62.
Ka5 Kc4 63. Bf7+ Kc5 64. b4+ Kc6 65. Be8+ Kb7 66. Bxb5 Be4 67. Be2 1-0

[Event "*** Titled Tuesday Blitz"]
[Site "Chess.com"]
[Date "2021.03.09"]
[Round "4"]
[White "Chernov_Mikhail"]
[Black "Airquake"]
[Result "0-1"]
[WhiteElo "2391"]
[BlackElo "2604"]
[TimeControl "180+1"]
[EndTime "10:42:00 PST"]
[Termination "Airquake won on time"]

1. e4 c5 2. Nf3 d6 3. d4 cxd4 4. Nxd4 Nf6 5. Nc3 a6 6. Bc4 Qc7 7. Bb3 b5 8. Bg5 Bb7 9. Bxf6 gxf6 10. Qd3 Nd7 11. O-O-O Nc5 12. Qe3 h5 13. Kb1 e6 14.
f4 b4 15. Na4 Nxe4 16. Rhe1 f5 17. Nxe6 fxe6 18. Bxe6 Be7 19. Bxf5 d5 20. Nb6 Rd8 21.
Nxd5 Bxd5 22. Bxe4 Bf7 23. Rxd8+ Qxd8 24. f5 Kf8 25. f6 Bxf6 26. Rf1 Qe7 27. Qf4 Kg7 28. Rf3 h4 29. Qg4+ Kf8 30. Qc8+ Be8 31. Qf5 Kg7 32. Rf4 Rh5 33. Rg4+ Kh8 34. Qf3 Re5 35.
Rf4 Bg6 36. Rxf6 Rxe4 37. Rf8+ Kg7 38. Rf4 Re1+ 0-1

[Event "*** Titled Tuesday Blitz"]
[Site "Chess.com"]
[Date "2021.03.09"]
[Round "4"]
[White "korkmaz16"]
[Black "vovachesss"]
[Result "1-0"]
[WhiteElo "2442"]
[BlackElo "2687"]
[TimeControl "180+1"]
[EndTime "10:42:00 PST"]
[Termination "korkmaz16 won on time"]

1. e4 e5 2. Nf3 d5 3. exd5 e4 4. Qe2 Nf6 5. Nc3 Be7 6. Nxe4 O-O 7. Nxf6+ Bxf6 8. Qd1 Qxd5 9. Be2 c5 10. O-O Nc6 11.
d3 b6 12. Nd2 Bb7 13. Bf3 Qd7 14. Ne4 Be7 15. Ng3 Rfe8 16. Bf4 Bf6 17. Rb1 Rad8 18. Be4 g6 19. a3 h5 20. Bf3 h4 21.
Ne4 Bg7 22. Bg5 Rc8 23. Nf6+ Bxf6 24. Bxf6 h3 25. Bg4 Qd5 26. Bxh3 Nd4 27. Qg4 Rc6 28. Qh4 Rxf6 29. Qxf6 Ne2+ 30. Kh1 Qh5 31. f3 Re3 32. Rbe1 c4 33. Bg4 Qh6 34. Bh3 cxd3 35. cxd3 Ba6 36.
d4 Bd3 37. d5 Bb5 38. d6 1-0

[Event "*** Titled Tuesday Blitz"]
[Site "Chess.com"]
[Date "2021.03.09"]
[Round "4"]
[White "WPWPWP-2015"]
[Black "tdf98pantani"]
[Result "1-0"]
[WhiteElo "2515"]
[BlackElo "2657"]
[TimeControl "180+1"]
[EndTime "10:42:01 PST"]
[Termination "WPWPWP-2015 won on time"]

1. d4 d5 2. c4 e6 3. Nf3 Nf6 4.
Nc3 Be7 5. Bf4 O-O 6. e3 Nbd7 7.
Rc1 c6 8. a3 b6 9. cxd5 Nxd5 10. Nxd5 cxd5 11. Bb5 a6 12. Bc7 Qe8 13. Bc6 Ra7 14.
Bxb6 Nxb6 15. Bxe8 Rxe8 16. Ne5 Bf8 17. O-O f6 18. Nc6 Ra8 19. Na5 Bd7 20. f3 Bb5 21.
Rf2 e5 22. Rfc2 e4 23. Qd2 exf3 24. gxf3 g6 25. h4 Re6 26. Rc7 Rae8 27. R1c3 Bd6 28. Rb7 Na4 29. Rb3 f5 30. R7xb5 axb5 31. Nb7 f4 32.
Nxd6 Rxd6 33. exf4 Rde6 34. Kf2 Nb6 35. Rxb5 Nc4 36.
Qc2 Ne3 37. Qd3 Nf5 38. Rxd5 Re3 39. Qd2 Rb3 40. Re5 Reb8 41. Re2 Kg7 42. d5 Kh6 43. d6 Rd8 44. Re6 1-0

[Event "*** Titled Tuesday Blitz"]
[Site "Chess.com"]
[Date "2021.03.09"]
[Round "4"]
[White "NovikovaGalina"]
[Black "SimplyDevina"]
[Result "0-1"]
[WhiteElo "2402"]
[BlackElo "2203"]
[TimeControl "180+1"]
[EndTime "10:42:01 PST"]
[Termination "SimplyDevina won on time"]

1. e4 d5 2. exd5 Qxd5 3. Nf3 Nf6 4. d4 g6 5. Be2 Bg7 6. O-O O-O 7. c4 Qd8 8. Nc3 c6 9. Bg5 Bf5 10. Qd2 Nbd7 11. Bh6 Ne4 12. Nxe4 Bxe4 13. Rad1 Nf6 14. Ne5 Bf5 15. Bxg7 Kxg7 16. Bf3 Qc7 17. Qe3 Rad8 18. h3 Nd7 19. Nd3 Bxd3 20. Rxd3 Nf6 21. Rfd1 Rfe8 22. d5 cxd5 23. cxd5 Rd6 24. Rc3 Qa5 25. Ra3 Qb5 26. Rb3 Qa4 27. Rd4 Qxa2 28. Rxb7 Nxd5 29. Qe5+ Nf6 30. Bd5 Qb1+ 31. Kh2 Qf5 32. Qxf5 gxf5 33. Rb5 e6 34. Ra4 Nxd5 35. Rxa7 Nf6 36. Rbb7 Rf8 37. b4 Rd2 0-1

[Event "*** Titled Tuesday Blitz"]
[Site "Chess.com"]
[Date "2021.03.09"]
[Round "4"]
[White "LEGENYA1998"]
[Black "annacramling"]
[Result "1-0"]
[WhiteElo "2260"]
[BlackElo "2022"]
[TimeControl "180+1"]
[EndTime "10:42:01 PST"]
[Termination "LEGENYA1998 won by checkmate"]

1. e4 c5 2. Nf3 Nc6 3. c3 Nf6 4. e5 Nd5 5. d4 cxd4 6. cxd4 e6 7. Bc4 d6 8. O-O Be7 9. Nc3 Nxc3 10. bxc3 O-O 11. exd6 Bxd6 12. Qe2 Ne7 13. Bd3 Ng6 14.
c4 b6 15. Be4 Rb8 16. Rd1 Qc7 17. a4 Ba6 18. Bd3 Rbc8 19. d5 exd5 20. cxd5 Rfe8 21.
Qf1 Bb7 22. Bb5 Red8 23. Bb2 Nf4 24. Rac1 Qe7 25. Re1 Qf8 26. Bc6 Bxc6 27. dxc6 Bc5 28. g3 Nd3 29. Re2 Nxc1 30. Bxc1 Rxc6 31. Bf4 Re6 32.
Ra2 Bd6 33. Be3 Qe7 34. a5 bxa5 35. Rxa5 Bb8 36. Nd4 Red6 37. Nf5 Qc7 38. Nxd6 Qxa5 39. Nb7 Qc7 40. Nxd8 Qxd8 41. Qb5 a5 42. Bb6 Qd1+ 43. Kg2 g6 44. Qe8+ Kg7 45. Qxb8 a4 46. Qe5+ Kg8 47.
Bd4 Qb3 48. Qg7# 1-0

[Event "*** Titled Tuesday Blitz"]
[Site "Chess.com"]
[Date "2021.03.09"]
[Round "4"]
[White "GM_LOADING"]
[Black "Reader777"]
[Result "1-0"]
[WhiteElo "2550"]
[BlackElo "2795"]
[TimeControl "180+1"]
[EndTime "10:42:02 PST"]
[Termination "GM_LOADING won by resignation"]

1. d4 Nf6 2. Nf3 e6 3. Bg5 d5 4. Nbd2 h6 5. Bh4 Be7 6. e3 b6 7. Bb5+ c6 8. Bd3 O-O 9. O-O Ba6 10.
Bxa6 Nxa6 11. Rc1 Nd7 12. Bg3 c5 13. c3 Nab8 14. c4 cxd4 15. Nxd4 Nc5 16. Bxb8 Qxb8 17. cxd5 exd5 18. Qf3 Bf6 19. Qxd5 Rd8 20. Qc4 Bxd4 21. exd4 Ne6 22. Nf3 Qd6 23. Rcd1 Rac8 24. Qa4 Qd5 25.
Qxa7 Ra8 26. Qe7 Rxa2 27. Rfe1 Rxb2 28. Re5 Qb3 29. Rde1 Rf8 30. d5 Nf4 31. Qxf8+ Kh7 32. Qxf7 Ng6 33. Qf5 Qc3 34. Re6 Qxe1+ 35. Rxe1 Rb1 36.
Ng5+ hxg5 37. Rxb1 1-0

[Event "*** Titled Tuesday Blitz"]
[Site "Chess.com"]
[Date "2021.03.09"]
[Round "4"]
[White "cukin84"]
[Black "northridgehawk"]
[Result "1/2-1/2"]
[WhiteElo "2111"]
[BlackElo "2329"]
[TimeControl "180+1"]
[EndTime "10:42:02 PST"]
[Termination "Game drawn by repetition"]

1. e4 e5 2. Nf3 Nc6 3. c3 f5 4. exf5 Nf6 5. Bb5 d6 6. O-O Bxf5 7. d4 exd4 8. Nxd4 Bd7 9. Bxc6 bxc6 10. Qf3 d5 11. Bg5 Be7 12. Bxf6 Bxf6 13. Re1+ Kf7 14. Nd2 Re8 15. N2b3 Kg8 16. Nc5 Rb8 17. b4 Be5 18. g3 Bd6 19. Nce6 Bxe6 20. Nxe6 Qd7 21. Nd4 Rf8 22.
Qh5 Rbe8 23. Kg2 g6 24. Qh6 Be5 25. Rad1 Bg7 26. Qg5 Qd6 27. a3 a5 28. f4 axb4 29.
axb4 h6 30. Qg4 Kh7 31. h4 h5 32. Qg5 Bf6 33. Rxe8 Bxg5 34. Re6 Qd7 35. hxg5 c5 36. bxc5 Rf7 37. Rde1 Qa4 38. R6e3 Qa2+ 39. R1e2 Qc4 40. Kh3 Qxc5 41. Kh4 Qc4 42. f5 Rxf5 43. Re7+ Kg8 44. Re8+ Rf8 45. Rxf8+ Kxf8 46. Rf2+ Kg7 47. Rf4 Qxc3 48. Ne6+ Kh7 49. Rf7+ Kh8 50. Rf8+ Kh7 51. Rf7+ Kg8 52. Rf8+ Kh7 53. Rf7+ 1/2-1/2

[Event "*** Titled Tuesday Blitz"]
[Site "Chess.com"]
[Date "2021.03.09"]
[Round "4"]
[White "ChampStan"]
[Black "Artyom_ChessMate"]
[Result "1/2-1/2"]
[WhiteElo "2028"]
[BlackElo "2548"]
[TimeControl "180+1"]
[EndTime "10:42:03 PST"]
[Termination "Game drawn by repetition"]

1. d4 d5 2. c4 e6 3. Nc3 Nf6 4. cxd5 exd5 5. Bg5 c6 6. e3 Qb6 7. Qc2 Ne4 8. Bf4 Bf5 9. Bd3 Na6 10. a3 Qa5 11. Rc1 Nxc3 12. Qxc3 Qxc3+ 13. Rxc3 Bxd3 14. Rxd3 Kd7 15. Nf3 f6 16. Ke2 Bd6 17. Bxd6 Kxd6 18. Rc1 Nc7 19. Nd2 Rhe8 20. Nb3 Ne6 21. Kd2 a5 22. h4 h5 23. Rdc3 a4 24. Na1 g5 25.
Rh1 Rg8 26. hxg5 Nxg5 27. f3 Ne6 28. Rh2 Rg3 29. Ke2 Rag8 30. Kf2 h4 31. Nc2 Ng5 32.
Ne1 Rh8 33. Rxh4 Rxh4 34. Kxg3 Rh1 35. Kf2 f5 36. Rc1 f4 37. exf4 Ne6 38. Nd3 Rxc1 39. Nxc1 Nxf4 40. g3 Ne6 41. Ke3 c5 42. dxc5+ Kxc5 43. Nd3+ Kc4 44. f4 d4+ 45. Kd2 Kb3 46. g4 b5 47. f5 Ng5 48. Nc5+ Kc4 49. Nd3 Kb3 50.
Nc5+ Kc4 51. Nd3 Kd5 52. Ke2 Kc4 53. Kd2 1/2-1/2

[Event "*** Titled Tuesday Blitz"]
[Site "Chess.com"]
[Date "2021.03.09"]
[Round "4"]
[White "poneis_malditos"]
[Black "bogcsab"]
[Result "1-0"]
[WhiteElo "2326"]
[BlackElo "2167"]
[TimeControl "180+1"]
[EndTime "10:42:03 PST"]
[Termination "poneis_malditos won on time"]

1. e4 d6 2. Nc3 Nf6 3. g3 g6 4. Bg2 Bg7 5. d3 O-O 6. Nge2 e5 7. O-O Ng4 8. h3 Nh6 9. Be3 f5 10. Qd2 Nf7 11. exf5 gxf5 12. f4 c6 13. Kh2 Qe7 14.
Rg1 Kh8 15. Raf1 Re8 16. fxe5 dxe5 17. d4 Na6 18. dxe5 Nxe5 19. Bh6 Nc4 20. Bxg7+ Qxg7 21. Qc1 Ne3 22. Rf3 Qh6 23. Nf4 Ng4+ 24. Kh1 Nc5 25. Re1 Ne4 26. Kg1 Ngf6 27. Rfe3 Bd7 28. Qd1 Rad8 29.
Qd4 Bc8 30. Qxa7 Rd2 31. Nxe4 fxe4 32. R3e2 Red8 33. Qa5 Rd1 34. Qc3 Qg7 35. Rxd1 Rxd1+ 36. Re1 Rd8 37. Bxe4 Nxe4 38. Qxg7+ Kxg7 39. Rxe4 Rd1+ 40. Kf2 Rd2+ 41. Re2 Rxe2+ 42. Kxe2 Kf6 43. Kf3 Ke5 44. g4 1-0

[Event "*** Titled Tuesday Blitz"]
[Site "Chess.com"]
[Date "2021.03.09"]
[Round "4"]
[White "Handszar"]
[Black "Sadykov_Ramil"]
[Result "1-0"]
[WhiteElo "2369"]
[BlackElo "2563"]
[TimeControl "180+1"]
[EndTime "10:42:04 PST"]
[Termination "Handszar won by resignation"]

1. e4 c5 2. Nf3 e6 3. d4 cxd4 4. Nxd4 Nf6 5. Nc3 d6 6. Be3 Be7 7. Be2 O-O 8. Qd2 Nc6 9. O-O-O a6 10. h4 Qc7 11. h5 b5 12. Nxc6 Qxc6 13. Bf3 b4 14. e5 bxc3 15. Bxc6 cxd2+ 16. Rxd2 Rb8 17. exf6 Bxf6 18. c3 d5 19. Ba7 Bb7 20. Bxb8 Rxb8 21.
Bxb7 Rxb7 22. Kc2 Kf8 23. f4 Ke7 24. g3 Rc7 25. Kb1 g6 26. hxg6 hxg6 27. Re1 Kf8 28.
g4 Rc4 29. f5 gxf5 30. gxf5 Rc6 31. fxe6 fxe6 32. Rf1 Ke7 33. Rh2 e5 34. Rh7+ Ke8 35. Rg1 Kf8 36. Rd7 d4 37. cxd4 exd4 38. Rc1 Re6 39.
Rc8+ Re8 40. Rxe8+ Kxe8 41. Rd6 Ke7 42. Rxa6 d3 43.
Ra3 d2 44. Rd3 Bg5 45. Kc2 Ke6 46. Rxd2 Bxd2 47. Kxd2 1-0

[Event "*** Titled Tuesday Blitz"]
[Site "Chess.com"]
[Date "2021.03.09"]
[Round "4"]
[White "GoltsevDmitry2000"]
[Black "BilodeauA"]
[Result "0-1"]
[WhiteElo "2717"]
[BlackElo "2911"]
[TimeControl "180+1"]
[EndTime "10:42:05 PST"]
[Termination "BilodeauA won on time"]

1. e4 c5 2. Nf3 Nc6 3. d4 cxd4 4. Nxd4 Qb6 5. Nb3 Nf6 6. Nc3 e6 7. Be3 Qc7 8. Be2 Bb4 9. Qd3 d5 10. exd5 Nxd5 11. Bd2 Nxc3 12. Bxc3 Bxc3+ 13. Qxc3 Qe5 14. Qxe5 Nxe5 15. f4 Ng6 16. g3 Bd7 17. Bf3 Rc8 18. O-O-O b6 19. Rhe1 Ne7 20. Nd2 Nf5 21. Ne4 Ke7 22. Bg4 Nh6 23. Bh3 Bc6 24. Nd6 Rcd8 25. Nc4 Bf3 26. Rxd8 Rxd8 27. Ne5 Bb7 28. b3 Rd6 29. Nc4 Rd8 30. f5 Bd5 31. Ne5 f6 32.
Nd3 e5 33. g4 Bb7 34. g5 Nf7 35. gxf6+ gxf6 36. Rg1 Ng5 37. Bg2 e4 38. Nf4 Ba8 39.
Re1 Kf7 40. h4 Nf3 41. Bxf3 exf3 42. Ne6 Rd5 43. Nc7 Re5 44. Rxe5 f2 45. Re6 f1=Q+ 46. Kb2 Qxf5 47. Rd6 Qe5+ 0-1

[Event "*** Titled Tuesday Blitz"]
[Site "Chess.com"]
[Date "2021.03.09"]
[Round "4"]
[White "Sagar_Raina"]
[Black "eldur16"]
[Result "0-1"]
[WhiteElo "2274"]
[BlackElo "2572"]
[TimeControl "180+1"]
[EndTime "10:42:05 PST"]
[Termination "eldur16 won on time"]

1. d4 d6 2. c4 e5 3. Nc3 exd4 4. Qxd4 Nc6 5. Qd2 Nf6 6. g3 Be6 7. Nd5 Ne5 8. b3 Bxd5 9. cxd5 c6 10. dxc6 bxc6 11.
Bg2 d5 12. Bb2 Bd6 13. Nh3 O-O 14. O-O Re8 15. Rac1 Qd7 16. Nf4 a5 17. Nd3 a4 18.
Nxe5 Bxe5 19. Bxe5 Rxe5 20. bxa4 Rxa4 21. Qc2 Ra6 22.
a4 h5 23. e3 h4 24. Ra1 Re8 25. Rfb1 Rea8 26. Rb4 h3 27. Bf3 Ra5 28. Rh4 c5 29.
Bg4 Nxg4 30. Qh7+ Kf8 31. Qh8+ Ke7 32. Qxg7 Nf6 33. Rf4 R8a6 34. Rb1 Rxa4 35. Qg5 Ra1 36. Qe5+ Qe6 37. Qxa1 Rxa1 38. Rxa1 c4 39. Ra7+ Kf8 40. Ra8+ Kg7 41. Ra1 c3 42. Rc1 Ne4 0-1

[Event "*** Titled Tuesday Blitz"]
[Site "Chess.com"]
[Date "2021.03.09"]
[Round "4"]
[White "SharapovEvgeny"]
[Black "Lagmantr"]
[Result "1-0"]
[WhiteElo "2474"]
[BlackElo "2715"]
[TimeControl "180+1"]
[EndTime "10:42:05 PST"]
[Termination "SharapovEvgeny won on time"]

1. c4 Nf6 2. Nc3 e6 3. e4 d5 4.
e5 d4 5. exf6 dxc3 6. fxg7 cxd2+ 7. Qxd2 Qxd2+ 8. Bxd2 Bxg7 9. O-O-O O-O 10. Ne2 Nc6 11. Bc3 e5 12. Ng3 Be6 13. Bd3 f5 14. f3 Rad8 15. Rhe1 Nd4 16. Bxd4 Rxd4 17. b3 a5 18. Bc2 c5 19. Ne2 Rh4 20. h3 a4 21.
Rd6 axb3 22. axb3 Rh6 23. Red1 Bf6 24. Rxe6 Bg5+ 25. f4 Rxe6 26. fxg5 Rg6 27. h4 h6 28. Ng3 e4 29. Nxf5 Re6 30. Nxh6+ Kg7 31. Re1 Rf2 32. g4 Kf8 33. Nf5 Rf4 34. Ne3 Ke8 35. h5 Rf3 36. g6 Rg3 37. Kd2 Kf8 38. Rf1+ Kg8 39. Rf5 Rd6+ 40. Rd5 Rf6 41. Bxe4 Re6 42. h6 Re8 43. g7 Rh3 44. Rh5 1-0

[Event "*** Titled Tuesday Blitz"]
[Site "Chess.com"]
[Date "2021.03.09"]
[Round "4"]
[White "MaxLeto"]
[Black "LenkaPtacnikova"]
[Result "0-1"]
[WhiteElo "2388"]
[BlackElo "2131"]
[TimeControl "180+1"]
[EndTime "10:42:05 PST"]
[Termination "LenkaPtacnikova won by resignation"]

1. g4 d5 2. Bg2 Bxg4 3. c4 Nf6 4. Qb3 Nbd7 5. cxd5 Nb6 6. Nc3 Qd7 7. Nf3 Bh3 8.
Ne5 Qc8 9. Bf3 e6 10. Qb5+ Nfd7 11. Nxd7 Qxd7 12. Qxd7+ Nxd7 13. dxe6 Bxe6 14. Bxb7 Rb8 15. Bc6 Bd6 16. b3 O-O 17. Bb2 Ne5 18. Be4 Ng4 19. h3 Nf6 20. Bf3 Be5 21. O-O-O Rfd8 22. e3 c5 23. Be2 Nd5 24. Nxd5 Bxb2+ 25. Kxb2 Bxd5 26. Rhg1 c4 27. Kc3 cxb3 28. axb3 Rxb3+ 29. Kd4 Bf3+ 30. Kc4 Bxe2+ 31. Kxb3 Bxd1+ 32. Rxd1 g5 33. d4 h5 34. Ra1 Rd7 35. Ra5 f6 36. h4 Rg7 37. hxg5 fxg5 38. f4 h4 39. Rxg5 Rxg5 40. fxg5 h3 41. d5 h2 42. d6 h1=Q 43. d7 Qd5+ 0-1